 Dungeon Crawl Stone Soup version 0.30-a0-879-ga8ba668304 (webtiles) character file.

Game seed: 17845201506706029877

5442 112233 the Thaumaturge (level 10, 0/59 HPs)
             Began as a Deep Elf Earth Elementalist on Mar 14, 2023.
             Was a Follower of Sif Muna.
             Slain by a yak (14 damage)
             ... on level 8 of the Dungeon.
             The game lasted 00:10:49 (11554 turns).

112233 the Thaumaturge (DEEE)                      Turns: 11554, Time: 00:10:50

Health: 0/59       AC:  4    Str:  5    XL:     10   Next: 41%
Magic:  13/24      EV: 16    Int: 25    God:    Sif Muna [*.....]
Gold:   568        SH:  0    Dex: 15    Spells: 20/31 levels left

rFire   + . .      SeeInvis .    F - staff of conjuration
rCold   + . .      Faith    +    (no shield)
rNeg    . . .      Spirit   .    u - +2 robe "Suiq" {rPois rF+}
rPois   +          Reflect  .    (helmet restricted)
rElec   .          Rampage  .    (no cloak)
rCorr   +                        (no gloves)
Will    +....                    (no boots)
Stlth   ++                       E - amulet of faith
HPRegen 0.29/turn                L - ring of protection from cold
MPRegen 0.19/turn                N - ring of resist corrosion

@: no status effects
A: horns 1, low MP 1
a: Renounce Religion, Channel Magic


You were on level 8 of the Dungeon.
You worshipped Sif Muna.
Sif Muna was aware of your devotion.
You visited 2 branches of the dungeon, and saw 10 of its levels.

You collected 568 gold pieces.

Inventory:

Hand Weapons
 D - a +2 whip of venom
Missiles
 g - 2 throwing nets
Armour
 a - a +0 robe
 j - a +2 tower shield
 u - the +2 robe "Suiq" (worn) {rPois rF+}
   (You found it on level 3 of the Dungeon)

   rF:        It protects you from fire.
   rPois:     It protects you from poison.
Magical Staves
 i - a staff of air
 F - a staff of conjuration (weapon)
Jewellery
 y - an amulet of regeneration
 E - an amulet of faith (around neck)
 I - an amulet of magic regeneration
 L - a ring of protection from cold (left hand)
 M - a ring of protection from cold
 N - a ring of resist corrosion (right hand)
Wands
 C - a wand of light (5)
 G - a wand of polymorph (7)
 P - a wand of mindburst (7)
Scrolls
 c - 4 scrolls of enchant armour {unknown}
 e - 2 scrolls of noise {unknown}
 l - 5 scrolls of identify {unknown}
 o - 3 scrolls of poison {unknown}
 q - 3 scrolls of fog {unknown}
 r - a scroll of butterflies {unknown}
 t - 2 scrolls of vulnerability {unknown}
 v - a scroll of amnesia {unknown}
 x - 5 scrolls of teleportation {unknown}
 z - 2 scrolls of fear {unknown}
 B - a scroll of brand weapon {unknown}
 H - a scroll of immolation {unknown}
 J - 3 scrolls of magic mapping {unknown}
 K - 2 scrolls of blinking {unknown}
 O - a scroll of acquirement {unknown}
Potions
 b - 2 potions of magic
 d - 2 potions of attraction {unknown}
 f - a potion of heal wounds {unknown}
 h - 5 potions of mutation
 k - 3 potions of brilliance {unknown}
 m - 2 potions of invisibility {unknown}
 n - 6 potions of curing {unknown}
 p - 2 potions of lignification {unknown}
 s - 2 potions of haste {unknown}
 w - 3 potions of degeneration {unknown}
 A - 2 potions of might {unknown}


   Skills:
 + Level 5.3 Fighting
 + Level 8.2 Dodging
 - Level 2.5 Stealth
 + Level 11.4 Spellcasting
 + Level 7.0 Conjurations
 - Level 1.2 Transmutations
 + Level 7.9 Earth Magic


You had 20 spell levels left.
You knew the following spells:

 Your Spells              Type           Power      Damage    Failure   Level
a - Sandblast             Erth           100%       2d20      1%          1
b - Stone Arrow           Conj/Erth      100%       3d13      1%          3
c - Passwall              Tmut/Erth      30%        N/A       1%          2
d - Apportation           Tloc           28%        N/A       4%          1
e - Petrify               Tmut/Erth      37%        N/A       6%          4

Your spell library contained the following spells:

 Spells                   Type           Power      Damage    Failure   Level
 Necrotise                Necr           56%        1d6       4%          1
 Summon Small Mammal      Summ           56%        N/A       4%          1
 Cigotuvi's Dreadful Rot  Necr/Pois/Air  28%        N/A       6%          2
 Ensorcelled Hibernation  Hex/Ice        28%        N/A       6%          2
 Leda's Liquefaction      Hex/Erth       17%        N/A       9%          4
 Spider Form              Tmut/Pois      17%        N/A       10%         3
 Call Canine Familiar     Summ           14%        N/A       13%         3
 Portal Projectile        Hex/Tloc       28%        N/A       13%         3
 Anguish                  Hex/Necr       7%         N/A       38%         4
 Dispel Undead            Necr           14%        3d10      38%         4
 Death Channel            Necr           7%         N/A       100%        6


Dungeon Overview and Level Annotations

Branches:
Dungeon (9/15)             Temple (1/1) D:7
   Lair: D:8-11         Orc: D:9-12

Altars:
Ashenzari
Cheibriados
Dithmenos
Elyvilon
Fedhas
Gozag
Hepliaklqana
Kikubaaqudgha
Nemelex Xobeh
Qazlal
Ru
Sif Muna
Trog
Vehumet
Wu Jian
Xom
Yredelemnul
Zin
The Shining One

Shops:
D:3 (

Annotations:
D:3 2 transporters, 1 exclusion
D:5 Pikel
D:8 exclusion: downstairs
D:9 Psyche


Innate Abilities, Weirdness & Mutations

You have a pair of small horns on your head.
Your magical capacity is low. (-10% MP)


Message History

Confirm with . or Enter, or press ? or * to list all spells.
Aiming: Stone Arrow (safe; 1% risk of failure)
Press: ? - help, Shift-Dir - straight line, f/p - yak
Aim: a yak (moderately wounded, 87% to hit)
You feel a surge of power!
The stone arrow hits the yak!!
You kill the yak!
Sif Muna accepts your kill.
The centaur warrior shoots an arrow.
The arrow completely misses you.
An orc wizard comes into view. It is wielding a +0 dagger.
Your Conjurations skill increases to level 7!
Casting: Stone Arrow (safe; 1% risk of failure)
Confirm with . or Enter, or press ? or * to list all spells.
Aiming: Stone Arrow (safe; 1% risk of failure)
Press: ? - help, Shift-Dir - straight line, f - yak
Aim: a yak (87% to hit)
You feel a surge of power!
The stone arrow hits the yak!
The yak is moderately wounded.
The centaur warrior shoots an arrow.
The arrow closely misses you.
The orc wizard gestures at you while chanting.
The magic dart hits you.
The centaur warrior shoots an arrow.
The arrow hits you!
Unknown command.
Unknown command.
Unknown command.
The yak gores you!
The centaur warrior shoots an arrow.
The arrow hits you!!
* * * LOW HITPOINT WARNING * * *
You climb upwards.
Level annotation: exclusion: downstairs
There is a stone staircase leading down here.
Unknown command.
Unknown command.
Casting: Stone Arrow (safe; 1% risk of failure)
Confirm with . or Enter, or press ? or * to list all spells.
Aiming: Stone Arrow (safe; 1% risk of failure)
Press: ? - help, Shift-Dir - straight line, f - yak
Aim: a yak (moderately wounded, 87% to hit)
You feel a surge of power!
The stone arrow hits the yak!
The yak is heavily wounded.
The yak gores you!
You die...

.## #.## ..# #..## ###
..##### ###...#####.#
......######.......##.##
...............####..##
.######........## ####
.# ##........# ### .#
#........####.# .##
#...##...@....# ..##
##..####...Y.### ...#
##..## #...###
...###...# #..##
....##...# ##..#
........## #..##
........#####..#
..........##..##
..............#


You could see a yak.

Vanquished Creatures
  A cyclops (D:8)
  A troll (D:8)
  A hornet (D:7)
  A vampire (D:7)
  Eustachio (D:6)
  7 yaks
  2 steam dragons (D:5)
  2 acid dragons (D:8)
  Edmund (D:4)
  2 black bears
  4 ice beasts
  2 ogres
  4 lemures
  A kobold brigand (D:6)
  2 bullfrogs
  7 scorpions
  6 killer bees (D:8)
  4 howler monkeys
  6 hounds
  3 jellies
  A sleepcap (D:7)
  7 orc priests
  3 iguanas
  7 orc wizards
  10 adders
  A shadow imp (D:5)
  3 white imps
  3 ufetubi
  2 worms (D:3)
  2 dart slugs
  45 orcs
  3 endoplasms (D:4)
  6 goblins
  2 hobgoblins
  6 quokkas
  8 ball pythons
  4 bats
  4 frilled lizards
  14 kobolds
  8 rats
197 creatures vanquished.

Vanquished Creatures (others)
  An orc (D:8)
  16 fungi (D:5)
  17 plants
34 creatures vanquished.

Grand Total: 231 creatures vanquished

Notes
Turn   | Place    | Note
-------+----------+-------------------------------------------
     0 | D:1      | 112233 the Deep Elf Earth Elementalist began the quest for
                  | the Orb.
     0 | D:1      | Reached XP level 1. HP: 10/10 MP: 6/6
   219 | D:1      | Reached XP level 2. HP: 15/15 MP: 5/8
   572 | D:1      | Reached skill level 4 in Spellcasting
  1365 | D:2      | Reached XP level 3. HP: 19/19 MP: 7/11
  1786 | D:3      | Reached skill level 5 in Spellcasting
  2068 | D:3      | Found Cabuap's Antique Weapon Boutique.
  2073 | D:3      | Found a transporter.
  2127 | D:3      | Found a transporter.
  2172 | D:3      | Noticed a kobold demonologist
  2186 | D:3      | Identified the +2 robe "Suiq" {rPois rF+}
  2470 | D:3      | Reached XP level 4. HP: 24/24 MP: 10/13
  2949 | D:3      | Gained mutation: Your magical capacity is low. (-10% MP)
                  | [potion of mutation]
  2949 | D:3      | Gained mutation: You have a pair of small horns on your
                  | head. [potion of mutation]
  3070 | D:4      | Reached skill level 6 in Spellcasting
  3312 | D:4      | Learned a level 3 spell: Stone Arrow
  3315 | D:4      | Learned a level 2 spell: Passwall
  3346 | D:4      | Reached skill level 7 in Spellcasting
  3346 | D:4      | Reached XP level 5. HP: 28/28 MP: 12/15
  3456 | D:4      | Noticed Edmund
  3530 | D:4      | Found a sparkling altar of Nemelex Xobeh.
  3539 | D:5      | Entered Level 5 of the Dungeon
  3759 | D:4      | Noticed an ogre
  3770 | D:4      | Killed an ogre
  3771 | D:4      | Reached XP level 6. HP: 19/33 MP: 13/17
  3885 | D:4      | Reached skill level 1 in Conjurations
  4435 | D:5      | Reached skill level 1 in Fighting
  4516 | D:5      | Noticed an ice beast
  4518 | D:5      | Noticed Pikel
  4598 | D:4      | Killed Edmund
  4599 | D:4      | Reached skill level 8 in Spellcasting
  4701 | D:5      | Reached XP level 7. HP: 38/38 MP: 2/18
  5578 | D:5      | Noticed a steam dragon
  5582 | D:5      | Killed a steam dragon
  5594 | D:5      | Reached skill level 5 in Earth Magic
  5594 | D:5      | Reached XP level 8. HP: 45/45 MP: 2/20
  5714 | D:5      | Found a basalt altar of Yredelemnul.
  5776 | D:5      | Reached skill level 5 in Dodging
  5776 | D:5      | Reached skill level 9 in Spellcasting
  6313 | D:5      | Learned a level 1 spell: Apportation
  6318 | D:5      | Learned a level 4 spell: Petrify
  6711 | D:6      | Noticed Eustachio
  6716 | D:6      | Killed Eustachio
  6810 | D:6      | Reached XP level 9. HP: 52/52 MP: 14/22
  6985 | D:6      | Reached skill level 5 in Conjurations
  7055 | D:6      | Found a snail-covered altar of Cheibriados.
  7301 | D:6      | Reached skill level 10 in Spellcasting
  7614 | D:7      | Found an ancient bone altar of Kikubaaqudgha.
  7634 | D:7      | Found a staircase to the Ecumenical Temple.
  7648 | D:7      | Found a glowing silver altar of Zin.
  7703 | Temple   | Entered the Ecumenical Temple
  7743 | Temple   | Became a worshipper of Sif Muna the Loreminder
  7910 | D:7      | Found a sacrificial altar of Ru.
  7922 | D:7      | Identified the +0 leather armour of the Swan {rF+}
  8872 | D:8      | Noticed a cyclops
  8878 | D:8      | Killed a cyclops
  9019 | D:8      | Found a radiant altar of Vehumet.
  9029 | D:8      | Reached * piety under Sif Muna
  9238 | D:8      | Reached XP level 10. HP: 33/58 MP: 14/24
  9548 | D:8      | Reached skill level 11 in Spellcasting
  9885 | D:8      | Reached skill level 5 in Fighting
 10217 | D:9      | Noticed a manticore
 10665 | D:9      | Found a glowing golden altar of the Shining One.
 10700 | D:9      | Noticed Psyche
 10720 | D:9      | Noticed a centaur warrior
 11127 | D:9      | Identified the +1 rapier "Piteduph" {venom, +Blink rElec
                  | Int+5}
 11554 | D:8      | Slain by a yak

Illustrated notes

Levels and vault maps discovered:
D:1:      psy_arrival_statuary, layout_basic, st_stairs_5
D:2:      layout_loops_ring, lexackson_kobold_supper
D:3:      gammafunk_wand_slinger, layout_basic, serial_shops,
          nicolae_shop_crystal
D:4:      layout_cave_pods, lemuel_round_altar, uniq_edmund
D:5:      kennysheep_steamy, layout_basic, lemuel_round_altar,
          hangedman_abyss_or_decor_passed, minmay_joined_circles, uniq_pikel
D:6:      layout_loops_ring, kennysheep_mini_moat, uniq_eustachio
D:7:      layout_gridville, nicolae_overflow_crystal_walls,
          mainiacjoe_overflow_large_starburst, minmay_temple_entry_statues,
          kennysheep_generic_room_6
D:8:      layout_layer_cave, fiery_altar_vehumet
D:9:      minmay_the_grid_square_5x5_4x4 [minmay_the_grid_square_5x5_slash,
          minmay_the_grid_square_5x5_broken_cross,
          minmay_the_grid_square_5x5_minivault,
          minmay_the_grid_square_5x5_percent,
          minmay_the_grid_square_5x5_hourglass,
          minmay_the_grid_square_5x5_prize_pseudospiral,
          minmay_the_grid_square_5x5_prize_rear_guard,
          minmay_the_grid_square_5x5_detours,
          minmay_the_grid_square_5x5_bracketed,
          minmay_the_grid_square_5x5_prize_junk,
          minmay_the_grid_square_5x5_prize_gold,
          minmay_the_grid_square_5x5_one_wall,
          minmay_the_grid_square_5x5_dogpile,
          minmay_the_grid_square_5x5_minibox,
          minmay_the_grid_square_5x5_checkered_sparse,
          minmay_the_grid_square_5x5_n_small], layout_gridville,
          mainiacjoe_overflow_boulevard, makhleb_altar_promises_db,
          david_lair_generic, uniq_psyche
Temple:   hellmonk_temple_of_storms

Skill      XL: |  1  2  3  4  5  6  7  8  9 10 |
---------------+-------------------------------+-----
Spellcasting   | 4 5 7 8 9 10 11 | 11.4
Conjurations   | 2 3 4 6 7 |  7.0
Dodging        | 3 4 6 7 8 |  8.2
Fighting       | 1 2 3 4 5 |  5.3
Earth Magic    | 4 5 6 7 |  7.9
Stealth        | |  2.5
Transmutations | |  1.2

Action                     |  1- 3 |  4- 6 |  7- 9 | 10-12 || total
---------------------------+-------+-------+-------+-------++-------
  Melee: Unarmed           |     2 |       |       |       ||     2
   Cast: Sandblast         |    63 |    65 |    47 |     6 ||   181
         Stone Arrow       |       |    10 |   108 |    38 ||   156
         Passwall          |       |       |       |     1 ||     1
  Evoke: Wand              |       |     1 |     2 |     1 ||     4
    Use: Potion            |       |     1 |       |       ||     1
 Armour: Robe              |     6 |    13 |    11 |     1 ||    31
  Dodge: Dodged            |    24 |    36 |    30 |    28 ||   118

Table legend: (Time is in decaauts)
 A = Elapsed time spent in this place.
 B = Non-inter-level travel time spent in this place.
 C = Inter-level travel time spent in this place.
 D = Time resting spent in this place.
 E = Time spent auto-exploring this place.
 F = Levels seen in this place.
 G = Mean time per level.
                   A        B        C        D        E       F      G
               +--------+--------+--------+--------+--------+-----+--------+
         Total |  11658 |  10958 |    700 |   2189 |   7521 |  10 | 1165.8 |
       Dungeon |  11602 |  10908 |    694 |   2189 |   7497 |   9 | 1289.1 |
        Temple |     55 |     50 |      5 |      0 |     24 |   1 |   55.0 |
               +--------+--------+--------+--------+--------+-----+--------+

Top non-repeatable levels by time:
     D:8: 2974 daAuts
     D:5: 1826 daAuts
     D:4: 1782 daAuts
     D:3: 1495 daAuts
     D:2: 908 daAuts
     D:7: 866 daAuts
     D:6: 851 daAuts
     D:1: 781 daAuts
     D:9: 116 daAuts
  Temple: 55 daAuts
